MLB
KANSAS CITY ROYALS @ DETROIT TIGERS
04/21/2052
 
TOP OF THE 1ST
Kansas City Royals batting - Pitching for Detroit Tigers : RHP Roberto Benavides
Pitching: RHP Roberto Benavides
Batting: RHB Matt Belgard 0-0: Called Strike
0-1: Swinging Strike
0-2: Ball
1-2: Ball
2-2: Ball
3-2: Base on Balls
Batting: LHB Roman Downey 0-0: Foul Ball, location: 2F
0-1: DOUBLE (Line Drive, 9LS, EV 94.4 MPH)
Matt Belgard to third
Matt Belgard scores
Batting: RHB Mike Jaquez 0-0: Foul Ball, location: 9LMF
0-1: Ball
1-1: Swinging Strike
1-2: Foul Ball, location: 9LSF
1-2: Ball
2-2: Ball
3-2: Strikes out looking
Batting: LHB Bill Baconneck 0-0: Called Strike
0-1: Ball
1-1: Ball
Wild Pitch!
Roman Downey to third
2-1: Ball
3-1: Base on Balls
Batting: RHB Chris Cooper 0-0: Ball
1-0: Ball
2-0: Ball
3-0: Base on Balls
Bill Baconneck to second
Batting: RHB Nick Esteves 0-0: Called Strike
0-1: Called Strike
0-2: Ball
1-2: Strikes out swinging
Batting: SHB Vince Ealy 0-0: Ball
1-0: Foul Ball, location: 3F
1-1: Ball
2-1: Foul Ball, location: 2F
2-2: Foul Ball, location: 5F
2-2: Foul Ball, location: 2F
2-2: Ball
3-2: SINGLE (Groundball, 6D, EV 97.5 MPH)
Roman Downey scores
Bill Baconneck to third
Chris Cooper to second
Bill Baconneck scores
Chris Cooper to third
Batting: RHB Masashi Yukizawa 0-0: Swinging Strike
0-1: Foul Ball, location: 3F
0-2: Ball
1-2: Strikes out swinging
Top of the 1st over - 3 runs, 2 hits, 0 errors, 2 left on base; Kansas City 3 - Detroit 0
BOTTOM OF THE 1ST
Detroit Tigers batting - Pitching for Kansas City Royals : RHP Tong-myeon Moon
Pitching: RHP Tong-myeon Moon
Batting: LHB Dave Carlisle 0-0: Ground out U3 (Groundball, 34, EV 84.4 MPH)
Batting: RHB Chef Belew 0-0: Called Strike
0-1: Ball
1-1: Ball
2-1: Ball
3-1: Foul Ball, location: 2F
3-2: Strikes out swinging
Batting: SHB Jun Tsuda 0-0: Ball
1-0: Ball
2-0: Ball
3-0: Fly out, F3 (Popup, 34, EV 74.4 MPH)
Bottom of the 1st over - 0 runs, 0 hits, 0 errors, 0 left on base; Kansas City 3 - Detroit 0
TOP OF THE 2ND
Kansas City Royals batting - Pitching for Detroit Tigers : RHP Roberto Benavides
Batting: RHB Jerry Jauregui 0-0: Ball
1-0: SINGLE (Groundball, 6MD, EV 110.0 MPH)
Batting: RHB Matt Belgard 0-0: Ball
1-0: Called Strike
1-1: Ball
2-1: Foul Ball, location: 5F
2-2: Ball
3-2: Strikes out looking
Batting: LHB Roman Downey 0-0: Ball
1-0: Called Strike
1-1: Ball
2-1: Ball
3-1: Called Strike
3-2: Grounds into double play, 4-3-6 (Groundball, 34D, EV 98.1 MPH)
Top of the 2nd over - 0 runs, 1 hit, 0 errors, 0 left on base; Kansas City 3 - Detroit 0
BOTTOM OF THE 2ND
Detroit Tigers batting - Pitching for Kansas City Royals : RHP Tong-myeon Moon
Batting: RHB Efrain Vargas 0-0: Ground out 4-3 (Groundball, 4, EV 105.6 MPH)
Batting: RHB Victor Quinones 0-0: Ball
1-0: Called Strike
1-1: Ground out U3 (Groundball, 3, EV 99.4 MPH)
Batting: SHB Ross Holland 0-0: Called Strike
0-1: Ball
1-1: Called Strike
1-2: Ground out U3 (Groundball, 3L, EV 106.3 MPH)
Bottom of the 2nd over - 0 runs, 0 hits, 0 errors, 0 left on base; Kansas City 3 - Detroit 0
TOP OF THE 3RD
Kansas City Royals batting - Pitching for Detroit Tigers : RHP Roberto Benavides
Batting: RHB Mike Jaquez 0-0: Ball
1-0: Called Strike
1-1: SOLO HOME RUN (Flyball, 7D, EV 99.4 MPH), Distance : 388 ft
Batting: LHB Bill Baconneck 0-0: Ball
1-0: Ball
2-0: Ball
3-0: Called Strike
3-1: Foul Ball, location: 2LF
3-2: Base on Balls
Batting: RHB Chris Cooper 0-0: Ball
1-0: Ball
2-0: Called Strike
2-1: Ball
3-1: Called Strike
3-2: Foul Ball, location: 9LSF
3-2: Grounds into double play, 6-4-3 (Groundball, 6M, EV 86.3 MPH)
Batting: RHB Nick Esteves 0-0: Ball
1-0: Foul Ball, location: 3F
1-1: Ground out 5-3 (Groundball, 5, EV 93.1 MPH)
Top of the 3rd over - 1 run, 1 hit, 0 errors, 0 left on base; Kansas City 4 - Detroit 0
BOTTOM OF THE 3RD
Detroit Tigers batting - Pitching for Kansas City Royals : RHP Tong-myeon Moon
Batting: LHB Frank McConnell 0-0: Swinging Strike
0-1: Called Strike
0-2: Foul Ball, location: 3DF
0-2: Ball
1-2: Strikes out swinging
Batting: RHB Ike Trout 0-0: Ball
1-0: Called Strike
1-1: Ball
2-1: Ball
3-1: DOUBLE (Line Drive, 89XD, EV 108.8 MPH)
Batting: RHB Tanner Purchase 0-0: Ball
1-0: Swinging Strike
1-1: Called Strike
1-2: Strikes out swinging
Batting: LHB Dave Carlisle 0-0: Called Strike
0-1: Foul Ball, location: 23F
0-2: Fly out, F7 (Flyball, 7D, EV 111.3 MPH)
Bottom of the 3rd over - 0 runs, 1 hit, 0 errors, 1 left on base; Kansas City 4 - Detroit 0
TOP OF THE 4TH
Kansas City Royals batting - Pitching for Detroit Tigers : RHP Roberto Benavides
Batting: SHB Vince Ealy 0-0: Ball
1-0: Ball
2-0: Ball
3-0: Called Strike
3-1: Swinging Strike
3-2: Foul Ball, location: 9LMFF
3-2: SINGLE (Line Drive, 7LS, EV 83.8 MPH)
Batting: RHB Masashi Yukizawa 0-0: Ball
1-0: Ball
2-0: DOUBLE (Line Drive, 9LM, EV 100.6 MPH)
Vince Ealy to third
Batting: RHB Jerry Jauregui 0-0: Called Strike
0-1: Fly out, F7 (Flyball, 7, EV 93.1 MPH)
Runner from 3rd tags up, OUT at HOME! 7-2
Masashi Yukizawa to third
Batting: RHB Matt Belgard 0-0: Called Strike
0-1: Ball
1-1: Called Strike
1-2: SINGLE (Groundball, 34D, EV 105.6 MPH)
Masashi Yukizawa scores
Pitching: RHP Jason Mucci
Batting: LHB Roman Downey 0-0: Called Strike
0-1: Ground out 4-3 (Groundball, 4, EV 88.8 MPH)
Top of the 4th over - 1 run, 3 hits, 0 errors, 1 left on base; Kansas City 5 - Detroit 0
BOTTOM OF THE 4TH
Detroit Tigers batting - Pitching for Kansas City Royals : RHP Tong-myeon Moon
Batting: RHB Chef Belew 0-0: Called Strike
0-1: Ball
1-1: Ground out 1-3 (Groundball, 34S, EV 71.3 MPH)
Batting: SHB Jun Tsuda 0-0: Ball
1-0: Ball
2-0: Foul Ball, location: 25FF
2-1: Foul Ball, location: 2F
2-2: Ground out 2-3 (Groundball, 13S, EV 70.0 MPH)
Batting: RHB Efrain Vargas 0-0: Ground out 4-3 (Groundball, 4, EV 101.3 MPH)
Bottom of the 4th over - 0 runs, 0 hits, 0 errors, 0 left on base; Kansas City 5 - Detroit 0
TOP OF THE 5TH
Kansas City Royals batting - Pitching for Detroit Tigers : RHP Jason Mucci
Batting: RHB Mike Jaquez 0-0: Ball
1-0: Ball
2-0: Ball
3-0: Base on Balls
Batting: LHB Bill Baconneck 0-0: Swinging Strike
0-1: Ball
1-1: Ball
2-1: Foul Ball, location: 2F
2-2: Ball
3-2: DOUBLE (Line Drive, 7LM, EV 106.3 MPH)
Mike Jaquez to third
Mike Jaquez scores
Batting: RHB Chris Cooper 0-0: SINGLE (Groundball, 34D, EV 97.5 MPH)
Bill Baconneck to third
Batting: RHB Nick Esteves 0-0: Ball
1-0: Ball
2-0: Fielders Choice at 2nd, 5-4 (Groundball, 56, EV 107.5 MPH)
Bill Baconneck scores
Batting: SHB Vince Ealy 0-0: Called Strike
Nick Esteves steals 2nd base (no throw)
0-1: Called Strike
0-2: Ball
1-2: Strikes out swinging
Batting: RHB Masashi Yukizawa 0-0: Ball
1-0: Ground out 4-3 (Groundball, 34, EV 105.0 MPH)
Top of the 5th over - 2 runs, 2 hits, 0 errors, 1 left on base; Kansas City 7 - Detroit 0
BOTTOM OF THE 5TH
Detroit Tigers batting - Pitching for Kansas City Royals : RHP Tong-myeon Moon
Batting: RHB Victor Quinones 0-0: Called Strike
0-1: Ball
1-1: Called Strike
1-2: Strikes out swinging
Batting: SHB Ross Holland 0-0: Ball
1-0: Called Strike
1-1: Swinging Strike
1-2: Strikes out swinging
Batting: LHB Frank McConnell 0-0: Foul Ball, location: 3FF
0-1: TRIPLE (Flyball, 89XD, EV 100.6 MPH)
Batting: RHB Ike Trout 0-0: Foul Ball, location: 2F
0-1: Swinging Strike
0-2: Foul Ball, location: 2RF
0-2: Fly out, F9 (Flyball, 9, EV 94.4 MPH)
Bottom of the 5th over - 0 runs, 1 hit, 0 errors, 1 left on base; Kansas City 7 - Detroit 0
TOP OF THE 6TH
Kansas City Royals batting - Pitching for Detroit Tigers : RHP Jason Mucci
Batting: RHB Jerry Jauregui 0-0: Foul Ball, location: 2F
0-1: Ball
1-1: Foul Ball, location: 9LMF
1-2: Strikes out swinging
Batting: RHB Matt Belgard 0-0: Ball
1-0: Called Strike
1-1: Called Strike
1-2: Strikes out swinging
Batting: LHB Roman Downey 0-0: Ball
1-0: Ball
2-0: Called Strike
2-1: Swinging Strike
2-2: Strikes out swinging
Top of the 6th over - 0 runs, 0 hits, 0 errors, 0 left on base; Kansas City 7 - Detroit 0
BOTTOM OF THE 6TH
Detroit Tigers batting - Pitching for Kansas City Royals : RHP Tong-myeon Moon
Batting: RHB Tanner Purchase 0-0: Called Strike
0-1: Ball
1-1: Called Strike
1-2: Strikes out swinging
Batting: LHB Dave Carlisle 0-0: Called Strike
0-1: Ground out U3 (Groundball, 3, EV 90.6 MPH)
Batting: RHB Chef Belew 0-0: Called Strike
0-1: Foul Ball, location: 5DF
0-2: Ball
1-2: Foul Ball, location: 3FF
1-2: Ball
2-2: Foul Ball, location: 5FF
2-2: Foul Ball, location: 2F
2-2: Foul Ball, location: 3F
2-2: Foul Ball, location: 2F
2-2: Foul Ball, location: 5DF
2-2: Ball
3-2: Base on Balls
Batting: SHB Jun Tsuda 0-0: Called Strike
0-1: Ball
1-1: Ball
2-1: Swinging Strike
2-2: Strikes out swinging
Bottom of the 6th over - 0 runs, 0 hits, 0 errors, 1 left on base; Kansas City 7 - Detroit 0
TOP OF THE 7TH
Kansas City Royals batting - Pitching for Detroit Tigers : RHP Jason Mucci
Batting: RHB Mike Jaquez 0-0: Called Strike
0-1: Swinging Strike
0-2: Ball
1-2: Foul Ball, location: 2F
1-2: Ball
2-2: SOLO HOME RUN (Flyball, 9D, EV 95.6 MPH), Distance : 371 ft
Pitching: RHP Eric Hudson
Batting: LHB Bill Baconneck 0-0: Called Strike
0-1: Ball
1-1: Ball
2-1: Ball
3-1: DOUBLE (Line Drive, 78D, EV 108.8 MPH)
Batting: RHB Chris Cooper 0-0: Ball
1-0: Ball
2-0: Foul Ball, location: 9LDF
2-1: Swinging Strike
2-2: Foul Ball, location: 9LSF
2-2: Foul Ball, location: 3DF
2-2: Ground out 5-3 (Groundball, 56, EV 106.3 MPH)
Batting: RHB Nick Esteves 0-0: Swinging Strike
0-1: Ball
1-1: Swinging Strike
1-2: Foul Ball, location: 3DF
1-2: Fly out, F8 (Flyball, 8LS, EV 100.0 MPH)
Batting: SHB Vince Ealy 0-0: Swinging Strike
0-1: Ball
1-1: Ball
2-1: Foul Ball, location: 9LMF
2-2: Ground out 6-3 (Groundball, 6, EV 87.5 MPH)
Top of the 7th over - 1 run, 2 hits, 0 errors, 1 left on base; Kansas City 8 - Detroit 0
BOTTOM OF THE 7TH
Detroit Tigers batting - Pitching for Kansas City Royals : RHP Tong-myeon Moon
Batting: RHB Efrain Vargas 0-0: Ground out 1-3 (Groundball, 13, EV 66.9 MPH)
Batting: RHB Victor Quinones 0-0: Fly out, F8 (Line Drive, 8RM, EV 89.4 MPH)
Batting: SHB Ross Holland 0-0: Called Strike
0-1: Ball
1-1: SINGLE (Line Drive, 78M, EV 106.9 MPH)
Batting: LHB Frank McConnell 0-0: Ball
Ross Holland steals 2nd base (no throw)
1-0: Foul Ball, location: 3F
1-1: Ball
2-1: Ball
3-1: Base on Balls
Batting: RHB Ike Trout 0-0: Ball
1-0: Fielders Choice at 2nd, 6-4 (Groundball, 6, EV 96.9 MPH)
Bottom of the 7th over - 0 runs, 1 hit, 0 errors, 2 left on base; Kansas City 8 - Detroit 0
TOP OF THE 8TH
Kansas City Royals batting - Pitching for Detroit Tigers : RHP Eric Hudson
Batting: RHB Masashi Yukizawa 0-0: Ball
1-0: Foul Ball, location: 23FF
1-1: Foul Ball, location: 5F
1-2: Ball
2-2: Fly out, F4 (Popup, 23, EV 94.4 MPH)
Batting: RHB Jerry Jauregui 0-0: Fly out, F8 (Flyball, 8RD, EV 105.6 MPH)
Batting: RHB Matt Belgard 0-0: Foul Ball, location: 7LSF
0-1: Ball
1-1: Swinging Strike
1-2: Foul Ball, location: 3F
1-2: Foul Ball, location: 7LSF
1-2: Foul Ball, location: 2F
1-2: Strikes out swinging
Top of the 8th over - 0 runs, 0 hits, 0 errors, 0 left on base; Kansas City 8 - Detroit 0
BOTTOM OF THE 8TH
Detroit Tigers batting - Pitching for Kansas City Royals : RHP Tong-myeon Moon
Batting: RHB Tanner Purchase 0-0: Ground out 1-3 (Groundball, 15S, EV 68.8 MPH)
Batting: LHB Dave Carlisle 0-0: Foul Ball, location: 23F
0-1: Called Strike
0-2: Foul Ball, location: 7LDF
0-2: Strikes out swinging
Batting: RHB Chef Belew 0-0: Ball
1-0: Called Strike
1-1: Called Strike
1-2: Foul Ball, location: 25FF
1-2: Ball
2-2: Foul Ball, location: 9LSF
2-2: SINGLE (Groundball, 6MD, EV 101.3 MPH)
Batting: SHB Jun Tsuda 0-0: Ball
1-0: Called Strike
1-1: Fielders Choice at 2nd, U6 (Groundball, 6M, EV 89.4 MPH)
Bottom of the 8th over - 0 runs, 1 hit, 0 errors, 1 left on base; Kansas City 8 - Detroit 0
TOP OF THE 9TH
Kansas City Royals batting - Pitching for Detroit Tigers : RHP Eric Hudson
Batting: LHB Roman Downey 0-0: Ball
1-0: SOLO HOME RUN (Flyball, 9D, EV 103.1 MPH), Distance : 382 ft
Pitching: LHP Jesse Turner
Batting: RHB Mike Jaquez 0-0: Fly out, F8 (Flyball, 8RXD, EV 109.4 MPH)
Batting: LHB Bill Baconneck 0-0: Ball
1-0: Called Strike
1-1: Called Strike
1-2: Ground out 6-3 (Groundball, 4M, EV 80.6 MPH)
Batting: RHB Chris Cooper 0-0: Ball
1-0: Ball
2-0: Foul Ball, location: 9LSF
2-1: Foul Ball, location: 2F
2-2: Fly out, F8 (Flyball, 8LD, EV 101.9 MPH)
Top of the 9th over - 1 run, 1 hit, 0 errors, 0 left on base; Kansas City 9 - Detroit 0
BOTTOM OF THE 9TH
Detroit Tigers batting - Pitching for Kansas City Royals : RHP Tong-myeon Moon
Pinch Hitting: RHB Dan Friess 0-0: Ball
1-0: Swinging Strike
1-1: Called Strike
1-2: Ground out 4-3 (Groundball, 4, EV 95.6 MPH)
Batting: RHB Victor Quinones 0-0: Called Strike
0-1: Foul Ball, location: 2F
0-2: Ball
1-2: Strikes out swinging
Batting: SHB Ross Holland 0-0: Called Strike
0-1: Ball
1-1: Called Strike
1-2: Ball
2-2: SINGLE (Line Drive, 7LM, EV 95.6 MPH)
Pitching: RHP Kyle Curve
Batting: LHB Frank McConnell 0-0: Ball
1-0: Ball
Wild Pitch!
Ross Holland to second
2-0: Called Strike
2-1: Called Strike
2-2: Strikes out swinging
Bottom of the 9th over - 0 runs, 1 hit, 0 errors, 1 left on base; Kansas City 9 - Detroit 0
Monday, April 8th , 2024 - OOTP Baseball 24.11 Build 85